 Dungeon Crawl Stone Soup version 0.21.0-37-g46506fa (webtiles) character file.

16233 troglodite the Blocker (level 12, -9/139 HPs)
             Began as a Demonspawn Berserker on Jan 31, 2018.
             Was a High Priest of Trog.
             Killed from afar by an orc sorcerer (23 damage)
             ... with a bolt of fire
             ... on level 2 of the Orcish Mines.
             The game lasted 00:43:18 (12337 turns).

troglodite the Blocker (Demonspawn Berserker)      Turns: 12337, Time: 00:43:20

Health: -9/139     AC:  8    Str: 22    XL:     12   Next: 8%
Magic:  12/12      EV: 20    Int:  9    God:    Trog [*****.]
Gold:   1345       SH: 12    Dex: 23    Spells: 11/11 levels left

rFire    . . .     SeeInvis .   M - +3 long sword
rCold    . . .     Gourm    .   C - +0 shield
rNeg     + + .     Faith    .   I - +3 pearl dragon scales
rPois    +         Spirit   .   k - +2 hat
rElec    .         Reflect  .   w - +0 cloak
rCorr    .         Harm     .   (no gloves)
MR       .....                  (no boots)
Stlth    ..........             D - amulet of regeneration
HPRegen  0.73/turn              e - ring of positive energy
MPRegen  0.13/turn              m - ring of poison resistance

@: agile, berserking, corroded, drained, very quick
A: powered by death 2, powered by pain 1, sturdy frame 3
a: Berserk, Trog's Hand, Brothers in Arms, Burn Spellbooks, Renounce Religion


You were on level 2 of the Orcish Mines.
You worshipped Trog.
Trog was extremely pleased with you.
You were near starving.

You visited 2 branches of the dungeon, and saw 12 of its levels.

You collected 1345 gold pieces.

Inventory:

Hand Weapons
 M - a +3 long sword (weapon)
 O - a +2 hand axe of flaming
Armour
 k - a +2 hat (worn)
 w - a +0 cloak (worn)
 C - a +0 shield (worn)
 I - +3 pearl dragon scales (worn)
 P - a +3 plate armour
Jewellery
 e - a ring of positive energy (left hand)
 m - a ring of poison resistance (right hand)
 D - an amulet of regeneration (around neck)
 K - an uncursed ring of fire
Wands
 g - a wand of digging (8)
 o - a wand of random effects (13)
 y - a wand of acid (4)
 A - a wand of paralysis (12)
 L - a wand of disintegration (14)
Scrolls
 b - a scroll of immolation {unknown}
 d - 3 scrolls of magic mapping {unknown}
 i - 3 scrolls of blinking {unknown}
 j - a scroll of fog {unknown}
 n - a scroll of enchant weapon {unknown}
 p - a scroll of holy word {unknown}
 r - 4 scrolls of fear {unknown}
 u - 4 scrolls of remove curse
 E - a scroll of torment {unknown}
 F - a scroll of noise {unknown}
 G - 3 scrolls of amnesia {unknown}
 N - a scroll of silence {unknown}
Potions
 f - a potion of invisibility {unknown}
 h - 6 potions of curing
 l - 3 potions of brilliance
 q - 4 potions of heal wounds
 s - 3 potions of lignification
 t - 2 potions of berserk rage
 v - 2 potions of agility {unknown}
 x - 2 potions of cancellation {unknown}
 z - a potion of might {unknown}
 B - a potion of resistance {unknown}
 J - a potion of ambrosia {unknown}
Books
 H - a book of Flames

   Spells                             Type                      Level
   a - Flame Tongue                   Conjuration/Fire             1
   b - Throw Flame                    Conjuration/Fire             2
   c - Conjure Flame                  Conjuration/Fire             3
   d - Inner Flame                    Hexes/Fire                   3
   e - Sticky Flame                   Conjuration/Fire             4
   f - Fireball                       Conjuration/Fire             5
   Trog disapproves of the use of such an item.
Comestibles
 c - 15 rations
 Q - 11 chunks of flesh


   Skills:
 * Level 8.2(8.0) Fighting
 + Level 8.6(8.3) Long Blades
 + Level 3.7(3.5) Axes
 * Level 8.6(8.3) Armour
 * Level 7.5(7.3) Dodging
 + Level 1.2(1.0) Stealth
 * Level 8.8(8.5) Shields


You had 11 spell levels left.
You didn't know any spells.

Dungeon Overview and Level Annotations

Branches:
Dungeon (10/15)            Temple (0/1) D:7             Orc (2/2) D:9
    Elf (0/3) Orc:2
   Lair: D:8-11

Altars:
Fedhas
Nemelex Xobeh
Sif Muna
Xom
Yredelemnul
The Shining One
Beogh

Shops:
Orc:2 :?

Annotations:
D:3 1 runed door
D:10 Maurice, Urug


Innate Abilities, Weirdness & Mutations

You regenerate health from kills.
You sometimes gain a little power by taking damage.
Your movements are significantly less encumbered by armour. (ER -6)


Message History

You barely miss the rust devil. You completely miss the orc sorcerer.
The orc sorcerer is lightly wounded.
The sixfirhy hits you but does no damage.
The sixfirhy barely misses you.
You riposte.
You slice the sixfirhy!!
You kill the sixfirhy!
Your ogre hits the rust devil with a giant club!!
The orc sorcerer casts a spell at you. The bolt of fire hits you!
* * * LOW HITPOINT WARNING * * *
You focus on the pain.
You feel more agile all of a sudden.
The bolt of fire hits the rust devil.
The rust devil completely resists.
You hit the orc sorcerer but do no damage.
The orc sorcerer is lightly wounded.
The rust devil barely misses you.
You riposte.
You slash the rust devil!
The rust devil is severely wounded.
The orc sorcerer gestures at you while chanting.
The bolt of fire hits you!
You die...

#.....###
###.......####.#
#..............#
#....###...#..#
###.)..# ##..####
#...))## #....##
#.....# ##....##
......## #...O..##
....#..## #...#4@o#
...##...####..###o#
...###...##.####o##
.(## ##..### #o#
...## ##.# #o#
)(..# #.##


oo. .#..##### .⌠. ###))# .o... ##)## #.o.# You could see a rust devil, 2 orc
sorcerers and a friendly ogre (berserk).

Vanquished Creatures
  Gastronok (D:8)
  3 two-headed ogres
  An orc high priest (Orc:2)
  3 orc knights (Orc:2)
  4 orc sorcerers
  A hornet (D:9)
  4 trolls
  A spriggan (D:7)
  A wyvern (D:9)
  A hungry ghost (D:8)
  A warg (Orc:2)
  A water moccasin (D:10)
  2 floating eyes (D:9)
  A black bear (D:7)
  3 ice beasts
  21 orc warriors
  A sky beast (D:8)
  A necrophage (D:10)
  12 ogres
  2 phantoms
  A centaur (D:7)
  A crocodile (D:9)
  2 bullfrogs (D:7)
  A water moccasin zombie (D:6)
  A wyvern skeleton (D:9)
  2 scorpions
  A howler monkey (D:9)
  7 crimson imps
  2 quasits (D:9)
  2 bullfrog zombies
  A centaur skeleton (D:7)
  3 hounds
  2 jellies
  18 orc priests
  Jessica (D:2)
  A bullfrog skeleton (D:9)
  3 iguanas
  22 orc wizards
  5 worker ants
  2 hound skeletons
  A howler monkey zombie (D:8)
  2 gnolls (D:1)
  11 adders
  11 river rats (D:6)
  2 shadow imps
  An ooze (D:4)
  3 worms
  4 dart slugs
  5 leopard geckos
  84 orcs
  A ball python (D:4)
  7 bats
  4 giant cockroaches
  11 goblins
  3 hobgoblins
  5 jackals
  11 quokkas
  4 frilled lizards
  A jackal skeleton (D:5)
  6 kobolds
  A leopard gecko skeleton (D:4)
  2 quokka skeletons
  17 rats
  A bush (D:8)
341 creatures vanquished.

Vanquished Creatures (collateral kills)
  An oklob plant (D:8)
  2 orc sorcerers (Orc:2)
  A yak (D:10)
  A wyvern (D:9)
  A hungry ghost (D:9)
  An orc warrior (D:8)
  An ogre (Orc:2)
  A wyvern zombie (D:9)
  A worker ant (D:9)
  An orc (D:8)
11 creatures vanquished.

Grand Total: 352 creatures vanquished

Notes
Turn   | Place    | Note
-------+----------+-------------------------------------------
     0 | D:1      | troglodite the Demonspawn Berserker began the quest for the Orb.
     0 | D:1      | Reached XP level 1. HP: 18/18 MP: 1/1
   312 | D:1      | Gained mutation: You regenerate a little health from kills. [demonic ancestry]
   312 | D:1      | Reached XP level 2. HP: 24/24 MP: 2/2
   470 | D:1      | Gained mutation: Your movements are slightly less encumbered by armour. (ER -2) [demonic ancestry]
   470 | D:1      | Reached XP level 3. HP: 28/29 MP: 3/3
  1516 | D:2      | Noticed Jessica
  1530 | D:2      | Killed Jessica
  1530 | D:2      | Reached XP level 4. HP: 14/37 MP: 4/4
  2015 | D:2      | Found a basalt altar of Yredelemnul.
  2523 | D:3      | Found a glowing golden altar of the Shining One.
  2523 | D:3      | Noticed an angel
  2524 | D:3      | Found a runed door.
  2759 | D:3      | Found a deep blue altar of Sif Muna.
  2864 | D:3      | Reached ** piety under Trog
  2991 | D:4      | Reached XP level 5. HP: 24/42 MP: 5/5
  3335 | D:4      | Gained mutation: You regenerate health from kills. [demonic ancestry]
  3335 | D:4      | Reached XP level 6. HP: 45/48 MP: 6/6
  3677 | D:5      | Entered Level 5 of the Dungeon
  3979 | D:5      | Noticed an ice beast
  4000 | D:5      | Killed an ice beast
  4008 | D:5      | Gained mutation: You sometimes gain a little power by taking damage. [demonic ancestry]
  4008 | D:5      | Reached XP level 7. HP: 40/54 MP: 7/7
  4165 | D:5      | Reached skill level 5 in Long Blades
  4707 | D:6      | Reached skill level 1 in Shields
  4910 | D:6      | Reached *** piety under Trog
  4924 | D:6      | Gained mutation: Your movements are less encumbered by armour. (ER -4) [demonic ancestry]
  4924 | D:6      | Reached XP level 8. HP: 61/61 MP: 8/8
  5027 | D:6      | Got a shimmering robe
  5089 | D:6      | Identified the +1 robe "Koycw" {-Cast rPois rN+++} (You found it on level 6 of the Dungeon)
  5143 | D:6      | Reached skill level 5 in Fighting
  5433 | D:6      | Reached **** piety under Trog
  5884 | D:6      | Reached skill level 5 in Armour
  6512 | D:7      | Reached XP level 9. HP: 54/68 MP: 9/9
  6736 | D:7      | Found a staircase to the Ecumenical Temple.
  6928 | D:7      | Reached skill level 5 in Dodging
  7030 | D:7      | Reached ***** piety under Trog
  7316 | D:7      | Reached skill level 5 in Shields
  7532 | D:8      | Found a shimmering altar of Xom.
  7532 | D:8      | Found a shimmering altar of Xom.
  7540 | D:8      | Found a shimmering altar of Xom.
  7612 | D:8      | Found a sparkling altar of Nemelex Xobeh.
  7697 | D:8      | Noticed a two-headed ogre
  7706 | D:8      | Killed a two-headed ogre
  7953 | D:8      | Found a blossoming altar of Fedhas.
  7967 | D:8      | Noticed an oklob plant
  8073 | D:8      | Killed an oklob plant
  8073 | D:8      | Reached XP level 10. HP: 77/77 MP: 10/10
  8360 | D:8      | Found a basalt altar of Yredelemnul.
  8536 | D:8      | Noticed Gastronok
  8559 | D:8      | Killed Gastronok
  8945 | D:9      | Found a staircase to the Orcish Mines.
  8954 | D:9      | Noticed a two-headed ogre
  8969 | D:9      | Killed a two-headed ogre
  8969 | D:9      | Reached skill level 1 in Stealth
  8982 | D:9      | Got a polished leather armour
  8993 | D:9      | Identified the +1 leather armour of the Bulwark {rPois rN+} (You found it on level 9 of the Dungeon)
  9476 | D:9      | Paralysed by a floating eye for 3 turns
  9488 | D:9      | Paralysed by a floating eye for 2 turns
  9504 | D:9      | Paralysed by a floating eye for 2 turns
  9514 | D:9      | Paralysed by a floating eye for 2 turns
  9606 | D:9      | Gained mutation: Your movements are significantly less encumbered by armour. (ER -6) [demonic ancestry]
  9606 | D:9      | Reached XP level 11. HP: 70/84 MP: 11/11
  9882 | D:10     | Entered Level 10 of the Dungeon
  9912 | D:10     | Noticed a two-headed ogre
  9913 | D:10     | Noticed Urug
  9920 | D:10     | Killed a two-headed ogre
 10336 | D:10     | Noticed Maurice
 10467 | Orc:1    | Entered Level 1 of the Orcish Mines
 10547 | Orc:1    | Noticed an orc sorcerer
 10559 | D:9      | Paralysed by an orc sorcerer for 2 turns
 10567 | D:9      | Killed an orc sorcerer
 11092 | Orc:2    | Entered Level 2 of the Orcish Mines
 11097 | Orc:2    | Reached skill level 1 in Axes
 11222 | Orc:2    | Received a gift from Trog
 11417 | Orc:2    | Found a roughly hewn altar of Beogh.
 11417 | Orc:2    | Noticed an orc high priest
 11426 | Orc:2    | Killed an orc high priest
 11486 | Orc:2    | Noticed an orc sorcerer
 11486 | Orc:2    | Noticed an orc sorcerer
 11486 | Orc:2    | Noticed an orc knight
 11486 | Orc:2    | Paralysed by an orc sorcerer for 5 turns
 11501 | Orc:2    | Killed an orc sorcerer
 11515 | Orc:2    | Killed an orc sorcerer
 11520 | Orc:2    | Killed an orc knight
 11625 | Orc:2    | Noticed an orc sorcerer
 11627 | Orc:2    | Paralysed by an orc sorcerer for 6 turns
 11644 | Orc:2    | Killed an orc sorcerer
 11669 | Orc:2    | Found Qatusu Qeogg's Book Emporium.
 11669 | Orc:2    | Noticed an orc knight
 11708 | Orc:2    | Killed an orc knight
 11759 | Orc:2    | Found Buqous's Magic Scroll Shoppe.
 11759 | Orc:2    | Noticed an orc knight
 11779 | Orc:2    | Killed an orc knight
 12054 | Orc:2    | Noticed an orc sorcerer
 12054 | Orc:2    | Paralysed by an orc sorcerer for 6 turns
 12060 | Orc:2    | Noticed an orc sorcerer
 12061 | Orc:2    | Killed an orc sorcerer
 12061 | Orc:2    | Reached XP level 12. HP: 59/93 MP: 12/12
 12260 | Orc:2    | Found a staircase to the Elven Halls.
 12327 | Orc:2    | Paralysed by an orc sorcerer for 4 turns
 12337 | Orc:2    | Killed from afar by an orc sorcerer

Skill      XL: |  1  2  3  4  5  6  7  8  9 10 11 |
---------------+----------------------------------+-----
Dodging        | 2 3 4 5 6 7 |  7.5
Long Blades    | 3 4 5 6 7 8 |  8.6
Armour         | 2 3 4 5 7 8 |  8.6
Fighting       | 4 5 6 7 8 |  8.2
Shields        | 1 4 6 7 8 |  8.8
Stealth        | 1 |  1.2
Axes           | 3 |  3.7

Action                   |  1- 3 |  4- 6 |  7- 9 | 10-12 || total
-------------------------+-------+-------+-------+-------++-------
Melee: Falchion          |   113 |   177 |   970 |   440 ||  1700
       Hand axe          |       |       |       |   289 ||   289
       Long sword        |       |       |       |   141 ||   141
Invok: Berserk           |       |     1 |     5 |    15 ||    21
       Burn Spellbooks   |       |     1 |       |       ||     1
       Brothers in Arms  |       |       |     1 |     7 ||     8
  Use: Scroll            |       |       |       |    15 ||    15
       Potion            |       |       |       |     2 ||     2
 Stab: Distracted        |       |       |       |     1 ||     1
       Sleeping          |       |       |       |     1 ||     1
  Eat: Chunk             |     2 |     8 |    21 |    15 ||    46
       Ration            |       |       |       |     8 ||     8
Armor: Animal skin       |     9 |       |       |       ||     9
       Ring mail         |    19 |       |       |       ||    19
       Scale mail        |     6 |    95 |   309 |     1 ||   411
       Pearl dragon scal |       |       |       |   450 ||   450
Dodge: Dodged            |    89 |   103 |   478 |   477 ||  1147
Block: Shield            |       |       |   498 |   578 ||  1076
       Rpst.: Falchion   |    29 |    38 |   152 |    55 ||   274
       Long sword        |       |       |       |    24 ||    24
